 Dungeon Crawl Stone Soup version 0.27-a0-522-g46bbb28828 (webtiles) character file.

Game seed: 18105171295379519015

3390 kae the Cleaver (level 10, -8/90 HPs)
             Began as a Hill Orc Fighter on Mar 5, 2021.
             Was a Follower of Okawaru.
             Shot with an arrow by a centaur (9 damage)
             ... on level 8 of the Dungeon.
             The game lasted 00:09:41 (10342 turns).

kae the Cleaver (Hill Orc Fighter)                 Turns: 10342, Time: 00:09:42

Health: -8/90      AC: 11    Str: 23    XL:     10   Next: 4%
Magic:  0/13       EV: 10    Int: 10    God:    Okawaru [*.....]
Gold:   565        SH:  0    Dex: 16    Spells: 9/9 levels left

rFire    . . .     SeeInvis .   t - +0 battleaxe
rCold    . . .     Faith    .   (shield currently unavailable)
rNeg     . . .     Spirit   +   b - +1 scale mail
rPois    .         Reflect  .   e - +2 hat
rElec    .         Harm     .   (no cloak)
rCorr    .         Rampage  .   (no gloves)
Will     .....     Rnd*Rage +   (no boots)
Stlth    ..........             r - amulet of guardian spirit
HPRegen  0.00/turn              q - +6 ring of dexterity
MPRegen  0.13/turn              (no ring)

@: brilliant, about to teleport
A: berserk 2, clever 1, inhibited regeneration, wild magic 1, MP-powered wands
a: Renounce Religion, Heroism


You were on level 8 of the Dungeon.
You worshipped Okawaru.
Okawaru was aware of your devotion.
You visited 2 branches of the dungeon, and saw 9 of its levels.
You also visited: Sewer and Bailey.

You collected 565 gold pieces.

Inventory:

Hand Weapons
 a - a +1 war axe
 t - a +0 battleaxe (weapon)
Armour
 b - a +1 scale mail (worn)
 c - a +0 kite shield
 e - a +2 hat (worn)
 p - a +2 hat
Jewellery
 q - a +6 ring of dexterity (left hand)
 r - an amulet of guardian spirit (around neck)
Wands
 d - a wand of acid (7)
 j - a wand of iceblast (8)
 n - a wand of flame (9)
Scrolls
 f - 4 scrolls of magic mapping
 g - 2 scrolls of amnesia
 i - 2 scrolls of noise
 k - 4 scrolls of identify
 l - 3 scrolls of teleportation
 s - a scroll of fog
Potions
 h - 2 potions of degeneration
 m - 2 potions of invisibility
 o - 3 potions of flight
 u - 3 potions of might


   Skills:
 + Level 8.8 Fighting
 * Level 12.3 Axes
 + Level 8.1 Armour
 - Level 3.2 Shields
 + Level 4.6 Invocations


You had 9 spell levels left.
You didn't know any spells.
Your spell library contained the following spells:

 Spells                   Type           Power        Failure   Level
 Corona                   Hex            0%           71%         1
 Ensorcelled Hibernation  Hex/Ice        0%           83%         2
 Confusing Touch          Hex            0%           96%         3
 Dazzling Flash           Conj/Hex       0%           96%         3
 Tukima's Dance           Hex            0%           96%         3


Dungeon Overview and Level Annotations

Branches:
Dungeon (8/15)             Temple (1/1) D:7           Sewer (visited)
 Bailey (visited)
   Lair: D:8-11

Altars:
Ashenzari
Dithmenos
Gozag
Kikubaaqudgha
Makhleb
Nemelex Xobeh
Okawaru
Sif Muna
Uskayaw

Shops:
D:5 *


Innate Abilities, Weirdness & Mutations

You often lose your temper in combat.
Your mind is acute. (Int +2)
You do not regenerate when monsters are visible.
Your spells are a little harder to cast, but a little more powerful.
You expend magic power (3 MP) to strengthen your wands.


Message History

Your surroundings seem slightly different.
The steam dragon bites you.
* * * LOW HITPOINT WARNING * * *
The steam dragon barely misses you.
As you read the scroll of teleportation, it crumbles to dust.
You feel strangely unstable. The steam dragon closely misses you.
The steam dragon claws you but does no damage.
Your surroundings suddenly seem different.
A leopard gecko comes into view.
The leopard gecko hisses angrily.
A centaur comes into view.
The centaur shouts!
An orc comes into view. It is wielding a +0 trident.
The orc shouts!
You hear a shout!
The centaur hits you but does no damage.
A jelly comes into view.
The centaur hits you but does no damage.
A scorpion comes into view.
Found 20 bolts.
You closely miss the centaur.
The jelly quivers.
The centaur hits you but does no damage.
A ball python comes into view.
The centaur hits you but does no damage.
It was a potion of brilliance.
You feel clever all of a sudden. The centaur hits you.
* * * LOW HITPOINT WARNING * * *
The scorpion misses you.
Okay, then.
As you read the scroll of teleportation, it crumbles to dust.
You feel strangely unstable.
The centaur hits you but does no damage.
The scorpion stings you but does no damage.
An orc wizard comes into view. It is wielding a +0 dagger.
The centaur hits you but does no damage.
The scorpion stings you.
The centaur wields a +0 shortbow.
The centaur shoots an arrow.
The arrow hits you!
You die...

#.............
##.##.........
###.##........
..............
...........###
...........#
.......l...#
..(.J..c...#
.......s.@.#
.......o..##
..........#
....S.....#
...........
....o....##.
.......... .#
.......


You could see a centaur, a scorpion, a jelly, an orc wizard, an orc, a leopard
gecko and a ball python.

Vanquished Creatures
  A wyvern (D:7)
  Eustachio (D:5)
  Duvessa (D:4)
  7 orc warriors
  3 sky beasts
  An ice beast (D:6)
  An ogre (D:4)
  A necrophage (D:8)
  2 centaurs (D:7)
  2 kobold brigands
  A gnoll sergeant (D:7)
  Dowan (D:4)
  A wyvern skeleton (D:6)
  A water moccasin skeleton (D:5)
  6 scorpions
  A bullfrog zombie (D:5)
  5 hounds
  6 orc priests
  A bullfrog skeleton (D:6)
  A centaur skeleton (D:6)
  Natasha (thrice) (D:2)
  6 orc wizards
  4 worker ants
  9 gnolls
  A worker ant zombie (D:5)
  A howler monkey skeleton (D:4)
  5 adders
  A shadow imp (D:6)
  3 white imps
  An adder skeleton (D:5)
  5 worms
  2 dart slugs
  3 leopard geckos
  35 orcs
  6 giant cockroaches
  18 goblins
  11 hobgoblins
  16 jackals
  24 kobolds
  7 quokkas
  2 ball pythons
  A bat (D:1)
  6 frilled lizards
  A leopard gecko skeleton (D:7)
  A quokka zombie (D:5)
  22 rats
238 creatures vanquished.

Notes
Turn   | Place    | Note
-------+----------+-------------------------------------------
     0 | D:1      | kae the Hill Orc Fighter began the quest for the Orb.
     0 | D:1      | Reached XP level 1. HP: 19/19 MP: 1/1
    70 | D:1      | Reached skill level 3 in Axes
   121 | D:1      | Reached XP level 2. HP: 27/27 MP: 2/2
   318 | D:1      | Reached XP level 3. HP: 27/33 MP: 3/3
   983 | D:2      | Reached skill level 4 in Axes
   999 | D:2      | Noticed a scorpion
  1013 | D:2      | Killed a scorpion
  1014 | D:2      | Reached XP level 4. HP: 11/41 MP: 4/4
  1489 | D:2      | Noticed Natasha
  1496 | D:2      | Killed Natasha
  1497 | D:2      | Reached skill level 5 in Axes
  1497 | D:2      | Reached XP level 5. HP: 15/47 MP: 5/5
  1758 | D:2      | Noticed Natasha
  1768 | D:2      | Killed Natasha
  2269 | D:2      | Noticed Natasha
  2280 | D:2      | Killed Natasha
  2925 | D:3      | Found a glowing drain.
  2929 | Sewer    | Entered a sewer
  2987 | Sewer    | Noticed a kobold brigand
  3013 | Sewer    | Killed a kobold brigand
  3014 | Sewer    | Reached skill level 5 in Fighting
  3014 | Sewer    | Reached skill level 6 in Axes
  3014 | Sewer    | Reached XP level 6. HP: 29/56 MP: 6/6
  3199 | Sewer    | Found a white marble altar of Elyvilon.
  3632 | D:3      | Found a broken altar of Ashenzari.
  4411 | D:4      | Noticed Duvessa
  4411 | D:4      | Noticed Dowan
  4436 | D:4      | Gained mutation: You tend to lose your temper in combat.
                  | [potion of mutation]
  4436 | D:4      | Gained mutation: You often lose your temper in combat.
                  | [potion of mutation]
  4436 | D:4      | Gained mutation: Your natural rate of healing is unusually
                  | fast. [potion of mutation]
  4436 | D:4      | Gained mutation: Your mind is acute. (Int +2) [potion of
                  | mutation]
  4444 | D:4      | Killed Duvessa
  4444 | D:4      | Killed Dowan
  4445 | D:4      | Reached skill level 7 in Axes
  4445 | D:4      | Reached skill level 5 in Armour
  4445 | D:4      | Reached XP level 7. HP: 62/62 MP: 7/7
  4658 | D:4      | Lost mutation: Your natural rate of healing is unusually
                  | fast. [potion of mutation]
  4658 | D:4      | Gained mutation: You occasionally shout uncontrollably at
                  | your foes. [potion of mutation]
  4658 | D:4      | Gained mutation: Your mind is very acute. (Int +4) [potion
                  | of mutation]
  4864 | D:5      | Entered Level 5 of the Dungeon
  4903 | D:5      | Reached skill level 8 in Axes
  5230 | D:5      | Reached XP level 8. HP: 51/71 MP: 8/8
  5413 | D:5      | Reached skill level 9 in Axes
  5416 | D:5      | Found Rostri's Elemental Accessories.
  5508 | D:5      | Noticed Eustachio
  5540 | D:5      | HP: 2/71 [river rat[Eustachio] (2)]
  5548 | D:5      | Killed Eustachio
  6313 | D:6      | Reached skill level 10 in Axes
  6561 | D:6      | Reached XP level 9. HP: 56/79 MP: 6/9
  6674 | D:6      | Found a shadowy altar of Dithmenos.
  6842 | D:6      | Lost mutation: You occasionally shout uncontrollably at
                  | your foes. [potion of mutation]
  6842 | D:6      | Lost mutation: Your mind is very acute. (Int +4) [potion of
                  | mutation]
  6842 | D:6      | Gained mutation: You do not regenerate when monsters are
                  | visible. [potion of mutation]
  6842 | D:6      | Gained mutation: You expend magic power (3 MP) to
                  | strengthen your wands. [potion of mutation]
  6842 | D:6      | Gained mutation: Your spells are a little harder to cast,
                  | but a little more powerful. [potion of mutation]
  6889 | D:7      | Found an ancient bone altar of Kikubaaqudgha.
  6898 | D:7      | Found a staircase to the Ecumenical Temple.
  6907 | Temple   | Entered the Ecumenical Temple
  6949 | Temple   | Became a worshipper of Warmaster Okawaru
  7051 | D:7      | Reached skill level 1 in Invocations
  7054 | D:7      | Found a flagged portal.
  7141 | Bailey   | Entered a bailey
  7449 | Bailey   | Reached skill level 11 in Axes
  7770 | Bailey   | Found an iron altar of Okawaru.
  9107 | D:7      | Found a hide-covered altar of Uskayaw.
  9111 | D:7      | Noticed a +0 hand axe
  9111 | D:7      | Noticed a +0 dagger
  9302 | D:7      | Found a sparkling altar of Nemelex Xobeh.
  9529 | D:8      | Found a burning altar of Makhleb.
  9567 | D:8      | Reached * piety under Okawaru
  9673 | D:8      | Reached skill level 12 in Axes
 10240 | D:7      | Reached XP level 10. HP: 90/90 MP: 11/13
 10331 | D:8      | HP: 4/90 [steam dragon/ball of steam (5)]
 10339 | D:8      | HP: 1/90 [centaur (2)]
 10342 | D:8      | Shot with an arrow by a centaur

Illustrated notes

Levels and vault maps discovered:
D:1:      ncdulo_lavacross, layout_basic
D:2:      layout_loops_ring, uniq_natasha
D:3:      layout_loops_ring, lemuel_round_altar, gup_sewer_entry_bowl
D:4:      layout_rooms, uniq_duvessa
D:5:      layout_rooms, grunt_decor_clamped, nicolae_elemental_shop,
          uniq_eustachio
D:6:      layout_rooms, lemuel_round_altar, minivault_14
D:7:      layout_loops_cross, dancing_weapons_uskayaw, kennysheep_little_box,
          nemelex_xobeh_ov_fountains_minmay,
          minmay_temple_entry_statues_fountains, enter_bailey_5
D:8:      layout_basic, overflow_temple_1_default, uniq_grum
Temple:   minmay_temple_forest_path

Skill      XL: |  1  2  3  4  5  6  7  8  9 |
---------------+----------------------------+-----
Axes           | 3 4 5 6 7 8 10 12 | 12.3
Fighting       | 4 5 6 7 8 |  8.8
Armour         | 4 5 6 8 |  8.1
Invocations    | 4 |  4.6
Shields        | |  3.2

Action                   |  1- 3 |  4- 6 |  7- 9 | 10-12 || total
-------------------------+-------+-------+-------+-------++-------
Melee: War axe           |    97 |   220 |   246 |       ||   563
       Battleaxe         |       |       |   158 |    13 ||   171
Evoke: Wand              |       |     1 |     9 |       ||    10
  Use: Scroll            |       |    11 |     7 |     3 ||    21
       Potion            |       |     7 |     7 |     1 ||    15
Armor: Scale mail        |    39 |   124 |   202 |    15 ||   380
Dodge: Dodged            |    33 |    65 |   141 |    18 ||   257
Block: Kite shield       |    57 |   121 |   138 |       ||   316

Table legend: (Time is in decaauts)
 A = Elapsed time spent in this place.
 B = Non-inter-level travel time spent in this place.
 C = Inter-level travel time spent in this place.
 D = Time resting spent in this place.
 E = Time spent auto-exploring this place.
 F = Levels seen in this place.
 G = Mean time per level.
                   A        B        C        D        E       F      G
               +--------+--------+--------+--------+--------+-----+--------+
         Total |  10682 |  10284 |    398 |   1934 |   6492 |  11 |  971.1 |
       Dungeon |   9561 |   9204 |    357 |   1502 |   6128 |   8 | 1195.1 |
        Temple |     84 |     43 |     41 |      0 |     35 |   1 |   84.0 |
         Sewer |    359 |    359 |      0 |      0 |    265 |   1 |  359.0 |
        Bailey |    675 |    675 |      0 |    431 |     63 |   1 |  675.0 |
               +--------+--------+--------+--------+--------+-----+--------+

Top non-repeatable levels by time:
     D:7: 2122 daAuts
     D:2: 1773 daAuts
     D:5: 1222 daAuts
     D:1: 1148 daAuts
     D:3: 1089 daAuts
     D:4: 917 daAuts
  Bailey: 675 daAuts
     D:8: 670 daAuts
     D:6: 619 daAuts
   Sewer: 359 daAuts
  Temple: 84 daAuts
